 Dungeon Crawl Stone Soup version 0.15.0-8-gb109cf8 (webtiles) character file.

769 Kashira the Sneak (level 7, -3/57 HPs)
             Began as a Naga Enchanter on Aug 30, 2014.
             Was a Believer of Qazlal.
             Slain by a giant frog (4 damage)
             ... in a sewer.
             The game lasted 00:35:38 (5373 turns).

Kashira the Sneak (Naga Enchanter)                  Turns: 5373, Time: 00:35:40

HP  -3/57        AC  8     Str 11      XL: 7   Next: 82%
MP   1/15        EV 10     Int 16      God: Qazlal [**....]
Gold 178         SH  2     Dex 12      Spells:  3 memorised,  7 levels left

rFire  . . .     SeeInvis +     w - +3 dagger (freeze)
rCold  . . .     Clarity  .     q - +0 leather armour
rNeg   . . .     rCorr    .     (no shield)
rPois  +         rRot     .     A - +1 hat
rElec  .         Spirit   .     (no cloak)
SustAb .         Warding  .     u - +2 pair of gloves
rMut   .         Stasis   .     (no barding)
Gourm  +                        h - amulet of the gourmand
MR     +....                    b - ring of stealth
                                g - ring of protection from magic

@: about to teleport, very slow, somewhat resistant to hostile enchantments,
stealthy
A: spit poison, see invisible, deformed body, poison resistance, slowness 2, AC
+2
a: Spit Poison, Upheaval, Renounce Religion


You were in a sewer.
You worshipped Qazlal.
Qazlal was pleased with you.
You were hungry.

You visited 2 branches of the dungeon, and saw 6 of its levels.
You also visited: Sewer.

You collected 178 gold pieces.

Inventory:

Hand weapons
 t - a +0 blowgun
 v - a +0 hunting sling
 w - a +3 dagger of freezing (weapon)
 y - a +0 short sword of distortion
 B - a +0 shortbow
Missiles
 e - 56 stones (quivered)
 m - 42 sling bullets
 p - 22 poisoned needles
 C - 7 arrows
 F - 19 poisoned sling bullets
Armour
 q - a +0 leather armour (worn)
 u - a +2 pair of gloves (worn)
 A - a +1 hat (worn)
Magical devices
 E - a wand of magic darts (3)
Comestibles
 d - 2 bread rations
 l - 5 meat rations
Scrolls
 a - 2 scrolls of remove curse
 i - 6 scrolls of identify
 n - a scroll of teleportation
 s - a scroll of immolation {unknown}
 x - a scroll of enchant armour {unknown}
 G - 2 scrolls of amnesia {unknown}
Jewellery
 b - a ring of stealth (right hand)
 g - a ring of protection from magic (left hand)
 h - an amulet of the gourmand (around neck)
 k - an uncursed ring of positive energy
 r - a +1 ring of evasion {unknown}
Potions
 f - a potion of confusion {unknown}
 j - 5 potions of heal wounds {unknown}
 o - a potion of beneficial mutation {unknown}
 z - a potion of curing {unknown}
Books
 c - a book of Maledictions

   Spells                             Type                      Level
   *Corona                            Hexes                        1
   *Sure Blade                        Hexes/Charms                 2
   Ensorcelled Hibernation            Hexes/Ice                    2
   *Confuse                           Hexes                        3
   Dazzling Spray                     Conjuration/Hexes            3
   Enslavement                        Hexes                        4


   Skills:
 + Level 1.6 Fighting
 + Level 2.2 Short Blades
 + Level 1.0 Throwing
 + Level 2.2 Armour
 + Level 2.9 Dodging
 + Level 6.4 Stealth
 + Level 3.7 Spellcasting
 + Level 5.1 Hexes
 + Level 0.4 Charms
 + Level 0.2 Evocations


You had 7 spell levels left.
You knew the following spells:

 Your Spells              Type           Power        Failure   Level  Hunger
a - Corona                Hex            ###....      1%          1    None
b - Sure Blade            Hex/Chrm       ##........   10%         2    ##.....
c - Confuse               Hex            ###.....     8%          3    ###....


Dungeon Overview and Level Annotations

Branches:
Dungeon (5/15)             Temple (1/1) D:5

Altars:
Elyvilon
Fedhas
Kikubaaqudgha
Makhleb
Nemelex Xobeh
Qazlal
Sif Muna
Trog
Vehumet
Xom
Zin
The Shining One

Annotations:
D:3 Gigax's ghost, average DrMo
D:5 Dowan; Duvessa


Innate Abilities, Weirdness & Mutations

You cannot wear boots.
You can spit poison.
Your serpentine skin is tough (AC +2).
You have supernaturally acute eyesight.
Armour fits poorly on your strangely shaped body.
Your system is resistant to poisons.
You cover ground very slowly.


Message History

* * * LOW HITPOINT WARNING * * *
You enter the shallow water.
Moving in this stuff is going to be slow.
The giant frog hits you.
* * * LOW HITPOINT WARNING * * *
The giant frog hits you.
* * * LOW HITPOINT WARNING * * *
The giant frog hits you.
* * * LOW HITPOINT WARNING * * *
Read which item? (? for menu, Esc to quit)
As you read the scroll of teleportation, it crumbles to dust.
You feel strangely unstable. The giant frog barely misses you.
The giant frog hits you but does no damage.
You enter the shallow water.
Moving in this stuff is going to be slow.
The giant frog hits you but does no damage.
The giant frog barely misses you. The giant frog hits you.
* * * LOW HITPOINT WARNING * * *
You block the giant frog's attack. The giant frog hits you.
You die...

#############
#≈≈%≈≈≈≈≈≈≈.#####
#≈≈≈≈.≈..≈≈≈..∩.###
#≈≈≈#########....≈#
####≈≈.≈≈≈≈≈≈≈≈####≈≈∩#
##≈.#≈≈≈≈≈#####≈≈≈≈#####
####≈≈≈#######l∩≈#≈≈≈≈≈≈.##
##≈≈≈%≈≈.#..≈.≈F≈≈####≈≈%≈≈##
#≈≈≈≈#≈≈##≈..≈lF@≈≈≈.###≈.≈≈##
≈≈%≈##≈≈#≈≈#######≈.≈.≈##≈.≈≈#
≈≈≈##≈≈##≈. ###..≈≈##≈≈≈##
≈.≈#..%#≈≈l ##%.≈.#≈≈≈.#
≈≈##.≈≈#≈≈≈ ##≈≈≈##≈..#
≈≈#.≈≈≈#.≈. #≈≈≈.#..≈#
≈.#.≈.≈#.≈. #≈≈≈.#≈≈≈#
≈.#≈≈.≈#≈≈≈ #.≈≈≈#≈≈%#
≈.##.≈≈## ≈ ##≈..##≈≈≈#


You could see 2 giant frogs, a giant gecko and a giant newt.

Vanquished Creatures
  An ogre (D:4)
  A centaur (D:5)
  A scorpion (D:4)
  3 hounds
  2 worker ants (D:4)
  A sky beast zombie (D:5)
  An ogre skeleton (D:5)
  10 adders
  4 gnolls (D:2)
  9 giant mites
  3 worms
  15 giant geckos
  11 oozes
  5 ball pythons
  16 giant cockroaches
  15 goblins
  11 hobgoblins
  2 jackals (D:3)
  3 quokkas
  15 bats
  15 giant newts
  A hobgoblin skeleton (D:4)
  13 kobolds
  8 rats
166 creatures vanquished.

Notes
Turn   | Place    | Note
--------------------------------------------------------------
     0 | D:1      | Kashira, the Naga Enchanter, began the quest for the Orb.
     0 | D:1      | Reached XP level 1. HP: 15/15 MP: 3/3
   158 | D:1      | Reached XP level 2. HP: 16/22 MP: 4/4
   236 | D:1      | Learned a level 2 spell: Sure Blade
   795 | D:1      | Reached XP level 3. HP: 26/28 MP: 6/6
  1312 | D:2      | Learned a level 3 spell: Confuse
  1704 | D:2      | Reached XP level 4. HP: 29/37 MP: 8/8
  1789 | D:2      | HP: 1/37 [gnoll/flail (3)]
  1803 | D:2      | HP: 1/55 [gnoll/spear (3)]
  1813 | D:2      | HP: 2/55 [gnoll/spear (1)]
  2061 | D:2      | Reached skill level 1 in Armour
  2401 | D:3      | Reached XP level 5. HP: 43/43 MP: 9/9
  2953 | D:3      | Noticed Gigax's ghost (average DrMo)
  3075 | D:4      | Noticed an ogre
  3099 | D:4      | HP: 2/43 [ogre/giant club (5)]
  3439 | D:4      | Reached skill level 1 in Fighting
  3439 | D:4      | Reached skill level 5 in Stealth
  3567 | D:4      | Killed an ogre
  3567 | D:4      | Reached XP level 6. HP: 51/51 MP: 1/13
  3829 | D:4      | Reached skill level 1 in Throwing
  4516 | D:5      | Entered Level 5 of the Dungeon
  4586 | D:5      | Reached XP level 7. HP: 31/57 MP: 10/15
  4723 | D:5      | Found a sparkling altar of Nemelex Xobeh.
  4737 | D:5      | Found a bloodstained altar of Trog.
  4741 | D:5      | Found a radiant altar of Vehumet.
  4741 | D:5      | Found an ancient bone altar of Kikubaaqudgha.
  4742 | D:5      | Found a white marble altar of Elyvilon.
  4824 | D:5      | Found a shimmering altar of Xom.
  4921 | D:5      | Found a staircase to the Ecumenical Temple.
  4925 | D:5      | Noticed Duvessa
  4926 | D:5      | Noticed Dowan
  4928 | Temple   | Entered the Ecumenical Temple
  4960 | Temple   | Became a worshipper of Qazlal Stormbringer
  5007 | D:5      | Reached skill level 5 in Hexes
  5037 | D:5      | Found a glowing drain.
  5042 | Sewer    | Entered a sewer
  5128 | Sewer    | Reached skill level 6 in Stealth
  5168 | Sewer    | Acquired Qazlal's first power
  5275 | Sewer    | Acquired Qazlal's second power
  5373 | Sewer    | HP: 1/57 [giant frog (5)]
  5373 | Sewer    | Slain by a giant frog

Action                   |  1- 3 |  4- 6 |  7- 9 || total
-------------------------+-------+-------+-------++-------
Melee: Dagger            |    38 |   130 |   223 ||   391
       Short sword       |       |     4 |       ||     4
Throw: Stone             |    17 |    17 |       ||    34
       Throwing net      |       |     3 |       ||     3
 Cast: Corona            |     9 |     7 |       ||    16
       Sure Blade        |     6 |     4 |       ||    10
       Confuse           |       |    23 |    23 ||    46
 Abil: Spit Poison       |    41 |    32 |     4 ||    77
Evoke: Wand              |       |       |     1 ||     1
  Use: Scroll            |       |     7 |     1 ||     8
       Potion            |       |     4 |       ||     4
 Stab: Confused          |       |     6 |     4 ||    10
       Sleeping          |       |     3 |    12 ||    15
       Distracted        |       |     1 |       ||     1
  Eat: Chunk             |     7 |    10 |     4 ||    21
       Bread ration      |       |     1 |       ||     1
       Beef jerky        |       |       |     1 ||     1
